 Dungeon Sprint DCSS version 0.30.1-9-gdf580d7c3d (webtiles) character file.

Game seed: 11254834940504607690

4671 Heoruswealwe the Impaler (level 10, -1/156 HPs)
             Began as a Minotaur Fighter on Sept 25, 2023.
             Was an Initiate of Gozag.
             Slain by a wyvern (6 damage)
             ... in the Dungeon (Sprint IX: "|||||||||||||||||||||||||||||").
             The game lasted 00:06:40 (764 turns).

Heoruswealwe the Impaler (Minotaur Fighter)          Turns: 764, Time: 00:06:40

Health: -1/156     AC: 12    Str: 26    XL:     10   Next: 21%
Magic:  9/9        EV: 10    Int:  5    God:    Gozag
Gold:   1350       SH:  0    Dex:  9    Spells: 9/9 levels left

rFire   . . .        b - +2 halberd (venom)
rCold   . . .        (shield currently unavailable)
rNeg    . . .        c - +2 ring mail
rPois   .            (helmet restricted)
rElec   .            (no cloak)
rCorr   .            f - +0 pair of gloves
SInv    .            (no boots)
Will    .....        (no amulet) Stlth
                     (no ring)
HPRegen 0.46/turn    (no ring)
MPRegen 0.11/turn

%: no teleportation
@: berserking, lethally poisoned (-1 -> -2), gold aura, very quick
A: horns 2, retaliatory headbutt
a: Renounce Religion, Potion Petition, Call Merchant, Bribe Branch


You were in the Dungeon.
You worshipped Gozag.
Gozag was most pleased with you.
You visited 1 branch You collected 1350 gold pieces.

Inventory:

Hand Weapons
 a - a +0 trident
 b - a +2 halberd of venom (weapon)
Armour
 c - a +2 ring mail (worn)
 d - a +0 buckler
 f - a +0 pair of gloves (worn)
Wands
 k - a wand of roots (10)
Scrolls
 i - a scroll of identify
 j - a scroll of blinking
 l - 2 scrolls of enchant armour
 m - 2 scrolls of enchant weapon
Potions
 e - 2 potions of berserk rage
 g - a potion of haste


   Skills:
 + Level 14.9 Fighting
 * Level 20.0 Polearms
 + Level 14.9 Armour
 - Level 3.6 Shields


You had 9 spell levels left.
You didn't know any spells.
Your spell library contained the following spells:

 Spells                   Type           Power      Damage    Failure   Level
 Frozen Ramparts          Ice            0%         1d1       91%         3
 Ice Form                 Ice/Tmut       0%         N/A       100%        4
 Summon Ice Beast         Ice/Summ       0%         N/A       100%        4


Dungeon Overview and Level Annotations

Branches:
Dungeon (1/1)

Altars:
Cheibriados
Dithmenos
Elyvilon
Fedhas
Gozag
Hepliaklqana
Kikubaaqudgha
Makhleb
Nemelex Xobeh
Okawaru
Qazlal
Ru
Sif Muna
Trog
Uskayaw
Vehumet
Wu Jian
Xom
Yredelemnul
Zin
The Shining One
Jiyva
Lugonu


Innate Abilities, Weirdness & Mutations

You have a pair of horns on your head.
You reflexively headbutt those who attack you in melee.


Message History

The komodo dragon is moderately wounded.
You feel sick.
The komodo dragon is distracted by your dazzling golden aura.
Reach: b) +2 halberd (venom)
Press: ? - help, Dir - move target, f/p - komodo dragon
Aim: a komodo dragon (moderately wounded, unaware, very poisoned, hasn't noticed you, about 25% to evade your +2 halberd of venom)
You reach to attack!
The komodo dragon hisses angrily.
You slice the komodo dragon!!
The komodo dragon looks as sick as possible!
The komodo dragon is no longer distracted by gold.
The komodo dragon is almost dead.
You feel sick.
You barely miss the komodo dragon. You headbutt the komodo dragon!
You kill the komodo dragon!
You feel sick.
The wyvern is no longer distracted by gold.
Your Polearms skill increases to level 20!
Okay, then.
A red film seems to cover your vision as you go berserk!
You feel yourself moving faster!
You feel mighty!
You feel sick.
You feel a strong urge to attack something.
The wyvern closely misses you.
There is an open door to the Lair, spattered with blood here.
You see here 612 gold pieces.
You slash the wyvern!
The wyvern looks as sick as possible!
The wyvern is heavily wounded.
You feel sick.
You barely miss the wyvern.
The wyvern is heavily wounded.
The wyvern bites you but does no damage.
You barely miss the wyvern.
The wyvern is heavily wounded.
You feel sick. The wyvern bites you!
* * * LOW HITPOINT WARNING * * *
You closely miss the wyvern.
The wyvern is heavily wounded.
The wyvern bites you.
You die...
Your body crumbles into a pile of gold.

▓▓▓▓▓▓▓▓▓▓▓▓▓▓▓▓▓▓▓▓▓▓▓▓▓▓▓▓▓▓▓▓▓
†....).....'_____________________
▓▓▓▓▓▓▓▓▓▓▓▓▓▓▓▓▓▓▓▓▓▓▓▓▓▓▓▓▓▓▓▓▓
.................................
▓▓▓▓▓▓▓▓▓▓▓▓▓▓▓▓▓▓▓▓▓▓▓▓▓▓▓▓▓▓▓▓▓
..'.....)...??.?@l......
▓▓▓▓▓▓▓▓▓▓▓▓▓▓▓▓▓▓▓▓▓▓▓▓


$$$$$$$$$$$$$ $$$$$$$$$$ You could see a wyvern (extremely poisoned).

Vanquished Creatures
  A centaur warrior (D)
  A boulder beetle (D)
  An ugly thing (D)
  A cyclops (D)
  A cane toad (D)
  A black mamba (D)
  A kobold demonologist (D)
  A komodo dragon (D)
  A troll (D)
  A polar bear (D)
  A shadow (D)
  A wraith (D)
  4 yaks (D)
  A basilisk (D)
  A water moccasin (D)
  A wolf (D)
  A hound (D)
  A hell rat (D)
  An iguana (D)
  An adder (D)
  2 orcs (D)
  A bat (D)
  2 endoplasms (D)
  A giant cockroach (D)
  A quokka (D)
30 creatures vanquished.

Notes
Turn   | Place    | Note
-------+----------+-------------------------------------------
     0 | D        | Heoruswealwe the Minotaur Fighter began the quest for the
                  | Orb.
     0 | D        | Reached XP level 1. HP: 19/19 MP: 0/0
     7 | D        | Reached skill level 3 in Polearms
    27 | D        | Reached skill level 4 in Polearms
    71 | D        | Noticed an iguana
    71 | D        | Noticed a hound
    74 | D        | Reached XP level 2. HP: 22/28 MP: 1/1
    82 | D        | Reached skill level 5 in Fighting
    82 | D        | Reached skill level 5 in Polearms
    82 | D        | Reached skill level 5 in Armour
    82 | D        | Reached XP level 3. HP: 35/36 MP: 2/2
    91 | D        | Reached skill level 7 in Polearms
    95 | D        | Reached XP level 4. HP: 42/44 MP: 3/3
   101 | D        | Found a snail-covered altar of Cheibriados.
   101 | D        | Found a shadowy altar of Dithmenos.
   101 | D        | Found a white marble altar of Elyvilon.
   101 | D        | Found a blossoming altar of Fedhas.
   101 | D        | Found an opulent altar of Gozag.
   102 | D        | Found a hazy altar of Hepliaklqana.
   103 | D        | Found a viscous altar of Jiyva.
   104 | D        | Found an ancient bone altar of Kikubaaqudgha.
   105 | D        | Found a corrupted altar of Lugonu.
   106 | D        | Found a burning altar of Makhleb.
   107 | D        | Found a sparkling altar of Nemelex Xobeh.
   108 | D        | Found an iron altar of Okawaru.
   109 | D        | Became a worshipper of Gozag Ym Sagoz the Greedy
   110 | D        | Found a stormy altar of Qazlal.
   111 | D        | Found a sacrificial altar of Ru.
   112 | D        | Found a shimmering blue altar of Sif Muna.
   113 | D        | Found a bloodstained altar of Trog.
   114 | D        | Found a hide-covered altar of Uskayaw.
   115 | D        | Found a radiant altar of Vehumet.
   116 | D        | Found an ornate altar of the Wu Jian Council.
   117 | D        | Found a shimmering altar of Xom.
   118 | D        | Found a basalt altar of Yredelemnul.
   119 | D        | Found a glowing silver altar of Zin.
   120 | D        | Found a glowing golden altar of the Shining One.
   171 | D        | Noticed a yak
   171 | D        | Noticed a yak
   171 | D        | Noticed a yak
   171 | D        | Noticed a shadow
   171 | D        | Noticed a yak
   171 | D        | Noticed a wraith
   173 | D        | Killed a yak
   174 | D        | Reached skill level 10 in Polearms
   174 | D        | Reached XP level 5. HP: 41/53 MP: 4/4
   176 | D        | Killed a yak
   177 | D        | Reached skill level 11 in Polearms
   177 | D        | Reached XP level 6. HP: 41/63 MP: 5/5
   181 | D        | Killed a yak
   182 | D        | Reached skill level 12 in Polearms
   184 | D        | HP: 3/66 [something (27)]
   193 | D        | Killed a shadow
   194 | D        | Reached skill level 10 in Fighting
   194 | D        | Reached skill level 13 in Polearms
   194 | D        | Reached skill level 10 in Armour
   194 | D        | Reached XP level 7. HP: 47/72 MP: 6/6
   196 | D        | Killed a yak
   197 | D        | Reached skill level 14 in Polearms
   211 | D        | Killed a wraith
   361 | D        | Noticed a centaur warrior
   361 | D        | Noticed a cyclops
   361 | D        | Noticed a purple ugly thing
   361 | D        | Noticed a boulder beetle
   361 | D        | Noticed a troll
   361 | D        | Noticed a kobold demonologist
   368 | D        | Killed a centaur warrior
   369 | D        | Reached skill level 16 in Polearms
   369 | D        | Reached XP level 8. HP: 41/83 MP: 7/7
   381 | D        | Killed a cyclops
   385 | D        | Killed a purple ugly thing
   386 | D        | Reached skill level 17 in Polearms
   386 | D        | Reached XP level 9. HP: 65/92 MP: 8/8
   391 | D        | Killed a boulder beetle
   392 | D        | Reached skill level 18 in Polearms
   394 | D        | Killed a troll
   399 | D        | Killed a kobold demonologist
   708 | D        | Noticed a black mamba
   708 | D        | Noticed a cane toad
   708 | D        | Noticed a polar bear
   719 | D        | Noticed a komodo dragon
   741 | D        | Killed a black mamba
   742 | D        | Reached skill level 19 in Polearms
   749 | D        | Killed a cane toad
   750 | D        | Reached XP level 10. HP: 24/104 MP: 9/9
   759 | D        | Reached skill level 20 in Polearms
   763 | D        | HP: 5/156 [wyvern (10)]
   764 | D        | Slain by a wyvern

Illustrated notes

Levels and vault maps discovered:
D:        linesprint [early_d, line_temple, items_1, d_10, items_2, lair_1,
          lair_end, items_3, orc_1, orc_end, items_4, d_15, swamp_1, shoals_1,
          snake_1, spider_1, d_20, vaults_1, items_5, swamp_end, shoals_end,
          snake_end, spider_end, vaults_end, d_27, items_6, zot_1, zot_end,
          crypt_end, forest_end, elf_end, slime_end, tomb_end, abyss_end,
          pan_hell_end]

Skill      XL: |  1  2  3  4  5  6  7  8  9 10 |
---------------+-------------------------------+-----
Polearms       | 4 5 7 10 11 13 16 17 19 20 | 20.0
Fighting       | 4 5 6 7 9 10 12 14 | 14.9
Armour         | 4 5 6 7 9 10 12 14 | 14.9
Shields        | |  3.6

Action                     |  1- 3 |  4- 6 |  7- 9 | 10-12 || total
---------------------------+-------+-------+-------+-------++-------
  Melee: Trident           |    43 |       |       |       ||    43
         Headbutt          |     4 |     3 |    14 |     2 ||    23
         Halberd           |       |    20 |    60 |    13 ||    93
    Use: Potion            |     1 |     2 |    11 |     1 ||    15
         Scroll            |       |       |     1 |       ||     1
   Stab: Invisible         |       |       |     4 |       ||     4
 Armour: Scale mail        |    19 |       |       |       ||    19
         Ring mail         |       |     3 |    30 |     2 ||    35
  Dodge: Dodged            |    17 |     3 |    18 |     2 ||    40
  Block: Buckler           |     5 |       |       |       ||     5
